 Dungeon Crawl Stone Soup version 0.26-a0-547-g695e311587 (webtiles) character file.

Game seed: 11856323933300531114

2566 Aksej the Cleaver (level 9, -2/69 HPs)
             Began as a Demonspawn Gladiator on Aug 20, 2020.
             Was a Follower of Qazlal.
             Slain by Joseph
             ... wielding a +0 quarterstaff of draining
              (14 damage)
             ... on level 7 of the Dungeon.
             The game lasted 00:20:35 (7730 turns).

Aksej the Cleaver (Demonspawn Gladiator)            Turns: 7730, Time: 00:20:35

Health: -2/69      AC:  9    Str: 15    XL:     9   Next: 31%
Magic:  22/22      EV:  9    Int:  9    God:    Qazlal [*.....]
Gold:   477        SH: 13    Dex: 18    Spells: 14/14 levels left

rFire    . . .     SeeInvis +   a - +1 war axe
rCold    . . .     Faith    .   v - +2 kite shield
rNeg     . . .     Spirit   .   x - +0 scale mail
rPois    .         Reflect  .   c - +0 helmet
rElec    .         Harm     .   n - +0 cloak
rCorr    .                      g - +0 pair of gloves
MR       .....                  (no boots)
Stlth    ..........             (no amulet)
HPRegen  0.21/turn              l - ring of magical power
MPRegen  0.18/turn              (no ring)

@: lethally poisoned (-2 -> -5), hasted, drained, very quick
A: claws 1, yellow scales 1, see invisible, deformed body, powered by death 1,
rot immunity
a: Renounce Religion


You were on level 7 of the Dungeon.
You worshipped Qazlal.
Qazlal was aware of your devotion.
You visited 2 branches of the dungeon, and saw 8 of its levels.
You also visited: Sewer.

You collected 477 gold pieces.

Inventory:

Hand Weapons
 a - a +1 war axe (weapon)
 b - the +10 trident of the Fox {vorpal, rPois rF+ rN+}
   (You found it on level 6 of the Dungeon)

   It inflicts extra damage upon your enemies.
   It protects you from fire.
   It protects you from poison.
   It protects you from negative energy.
Missiles
 t - 4 boomerangs (quivered)
Armour
 c - a +0 helmet (worn)
 g - a +0 pair of gloves (worn)
 n - a +0 cloak (worn)
 v - a +2 kite shield (worn)
 x - a +0 scale mail (worn)
Jewellery
 l - a ring of magical power (left hand)
Wands
 i - a wand of paralysis (11)
 k - a wand of polymorph (4)
 w - a wand of acid (6)
Scrolls
 d - 3 scrolls of identify
 e - 3 scrolls of teleportation
 f - 3 scrolls of remove curse
Potions
 h - 2 potions of resistance
 j - 3 potions of invisibility
 m - a potion of lignification
 o - a potion of haste
 p - a potion of magic
 r - a potion of brilliance
 s - 2 potions of stabbing
 u - 2 potions of curing


   Skills:
 + Level 6.2(5.5) Fighting
 * Level 8.8(8.0) Axes
 + Level 2.1(1.4) Throwing
 + Level 4.2(3.4) Armour
 + Level 5.0(4.2) Dodging
 + Level 3.4(2.7) Shields
 + Level 3.1(2.3) Unarmed Combat
 + Level 3.0(2.3) Spellcasting
 + Level 4.4(3.6) Invocations
 + Level 3.3(2.6) Evocations


You had 14 spell levels left.
You didn't know any spells.
Your spell library contained the following spells:

 Spells                   Type           Power        Failure   Level
 Summon Small Mammal      Summ           #...         99%         1
 Call Imp                 Summ           #.......     100%        2
 Call Canine Familiar     Summ           #.......     100%        3
 Summon Guardian Golem    Hex/Summ       #.......     100%        3
 Summon Ice Beast         Ice/Summ       #.......     100%        4
 Summon Lightning Spire   Summ/Air       #.......     100%        4


Dungeon Overview and Level Annotations

Branches:
Dungeon (7/15)             Temple (1/1) D:4           Sewer (visited)

Altars:
Ashenzari
Cheibriados
Dithmenos
Elyvilon
Fedhas
Gozag
Makhleb
Qazlal
Ru
Sif Muna
Trog
Vehumet
Wu Jian
Xom
Yredelemnul
Zin
The Shining One

Shops:
D:7 (}

Annotations:
D:7 Joseph


Innate Abilities, Weirdness & Mutations

You have sharp fingernails.
You are partially covered in yellow scales. (AC +2)
You regenerate a little health from kills.
You are immune to rotting.
You have supernaturally acute eyesight. (SInv)
Armour fits poorly on your strangely shaped body.


Message History

Joseph wields a +0 quarterstaff of draining.
You sense an unholy aura.
Joseph closely misses you.
You hit Joseph but do no damage.
You feel sick.
Your scale mail prevents you from hitting Joseph.
You feel sick. You block Joseph's attack.
You hit Joseph.
Joseph is lightly wounded.
You feel sick. Joseph completely misses you.
You hit Joseph.
Joseph is lightly wounded.
You feel sick. You block Joseph's attack.
You slash Joseph!
Joseph is moderately wounded.
You feel sick.
Joseph hits you with a +0 quarterstaff of draining!
* * * LOW HITPOINT WARNING * * *
You feel drained.
You feel yourself speed up.
You feel sick.
Joseph hits you with a +0 quarterstaff of draining!
You die...

+....... #####+###..<
######'# #..........
#.. ......... ##. #
....... #. #. ..... ##
###.. ... # .....##@#
# #...)@# #####
#....(### #....
##.##(..# #.... ..
#.(..# #....
#####.(..# #....
#....(#### #....
#.....'..#########....
#.....##.#.#........#.
#........#.#.######.##


You could see Joseph.

Vanquished Creatures
  Grinder (D:5)
  2 hippogriffs (D:7)
  Sigmund (D:6)
  Menkaure (D:7)
  A sky beast (D:5)
  2 ogres (D:4)
  2 bullfrogs
  2 scorpions
  5 wights (D:6)
  A jelly (D:6)
  A bullfrog zombie (D:7)
  5 hounds
  3 orc priests
  Crazy Yiuf (D:5)
  3 orc wizards
  2 iguanas (D:7)
  2 worker ants
  11 adders
  7 gnolls
  5 river rats (Sewer)
  3 white imps
  An ufetubus (D:5)
  An ooze (D:4)
  An adder zombie (D:6)
  2 worms
  4 dart slugs
  8 leopard geckos
  24 orcs
  9 giant cockroaches
  3 hobgoblins (D:1)
  6 jackals
  A quokka (D:4)
  4 ball pythons
  6 bats
  13 frilled lizards
  10 goblins
  A jackal skeleton (D:4)
  6 kobolds
  2 leopard gecko skeletons
  11 rats
174 creatures vanquished.

Vanquished Creatures (others)
  A fungus (D:5)
1 creature vanquished.

Grand Total: 175 creatures vanquished

Notes
Turn   | Place    | Note
-------+----------+-------------------------------------------
     0 | D:1      | Aksej the Demonspawn Gladiator began the quest for the Orb.
     0 | D:1      | Reached XP level 1. HP: 16/16 MP: 1/1
   184 | D:1      | Gained mutation: You regenerate a little health from kills.
                  | [demonic ancestry]
   184 | D:1      | Reached XP level 2. HP: 21/22 MP: 2/2
   223 | D:1      | Reached skill level 3 in Axes
   403 | D:1      | Gained mutation: You are immune to rotting. [demonic
                  | ancestry]
   403 | D:1      | Reached XP level 3. HP: 27/27 MP: 3/3
  1149 | D:2      | Reached XP level 4. HP: 30/33 MP: 4/4
  1213 | D:2      | You fall into a shaft and drop 1 floor!
  1485 | D:3      | Found a glowing drain.
  1498 | D:3      | Reached skill level 4 in Axes
  1504 | Sewer    | Entered a sewer
  1597 | Sewer    | Reached skill level 1 in Armour
  1854 | Sewer    | Reached XP level 5. HP: 39/39 MP: 5/5
  2066 | Sewer    | Reached skill level 5 in Fighting
  2066 | Sewer    | Reached skill level 6 in Axes
  2066 | Sewer    | Reached XP level 6. HP: 51/51 MP: 5/10
  2067 | Sewer    | Gained mutation: Armour fits poorly on your strangely
                  | shaped body. [potion of mutation]
  2067 | Sewer    | Gained mutation: You have supernaturally acute eyesight.
                  | (SInv) [potion of mutation]
  3520 | D:4      | Gained mutation: You have sharp fingernails. [demonic
                  | ancestry]
  3520 | D:4      | Reached XP level 7. HP: 25/57 MP: 11/11
  3532 | D:4      | Reached skill level 7 in Axes
  3781 | D:4      | Found a staircase to the Ecumenical Temple.
  3795 | Temple   | Entered the Ecumenical Temple
  3853 | Temple   | Became a worshipper of Qazlal Stormbringer
  4162 | D:4      | Found a glowing silver altar of Zin.
  4162 | D:4      | Noticed an angel
  4649 | D:4      | Found a burning altar of Makhleb.
  4756 | D:5      | Entered Level 5 of the Dungeon
  4862 | D:5      | Noticed Grinder
  4884 | D:5      | Paralysed by Grinder for 5 turns
  4908 | D:5      | Killed Grinder
  4908 | D:5      | Gained mutation: You are partially covered in yellow
                  | scales. (AC +2) [demonic ancestry]
  4908 | D:5      | Reached XP level 8. HP: 26/64 MP: 11/12
  5140 | D:5      | Reached * piety under Qazlal
  5316 | D:5      | Found a white marble altar of Elyvilon.
  5361 | D:5      | Found a runed translucent door.
  5362 | D:5      | Noticed Crazy Yiuf
  5368 | D:5      | Killed Crazy Yiuf
  5368 | D:5      | Reached skill level 8 in Axes
  5494 | D:5      | Found a sacrificial altar of Ru.
  5748 | D:6      | Got an ancient trident
  5749 | D:6      | Identified the +10 trident of the Fox {vorpal, rPois rF+
                  | rN+} (You found it on level 6 of the Dungeon)
  5975 | D:6      | Found a stormy altar of Qazlal.
  5975 | D:6      | Noticed Sigmund
  5985 | D:6      | Killed Sigmund
  6911 | D:7      | Found a basalt altar of Yredelemnul.
  6913 | D:7      | Noticed Menkaure
  6921 | D:7      | Killed Menkaure
  6921 | D:7      | Reached XP level 9. HP: 36/69 MP: 13/13
  7138 | D:7      | Found Xigodil's Antique Weapon Shop.
  7352 | D:7      | Found Jaeng's Gadget Boutique.
  7423 | D:7      | Reached skill level 5 in Dodging
  7629 | D:7      | Found a basalt altar of Yredelemnul.
  7711 | D:7      | Noticed Joseph
  7730 | D:7      | Slain by Joseph

Illustrated notes

Levels and vault maps discovered:
D:1:      erik_arrival_triangle_large, layout_basic
D:2:      layout_basic, minmay_diced_spiral
D:3:      layout_loops_corners, cheibrodos_sewer_entry_drain,
          chequers_serial_rivers_large_a
D:4:      layout_loops_ring, makhleb_heckhound_becter, zin_angel,
          minmay_temple_entry_hall, minmay_misc_feat_pillars, minmay_bent
D:5:      layout_rooms, nicolae_overflow_hidden_temple, minivault_24,
          uniq_grinder, uniq_crazy_yiuf_cottage
D:6:      layout_gridville, nicolae_qazlal_eye_of_the_storm, uniq_sigmund,
          uniq_maggie
D:7:      layout_basic, lemuel_crystal_altar, serial_shops, shop, shop,
          yredelemnul_altar_generic, uniq_joseph, uniq_menkaure
Temple:   minmay_temple_bridge_abc

Skill      XL: |  1  2  3  4  5  6  7  8  9 |
---------------+----------------------------+-----
Axes           | 3 4 6 7 8 |  8.8
Dodging        | 3 4 5 |  5.0
Armour         | 1 3 4 |  4.2
Fighting       | 5 6 |  6.2
Shields        | 3 |  3.4
Unarmed Combat | 3 |  3.1
Spellcasting   | 3 |  3.0
Invocations    | 4 |  4.4
Evocations     | 3 |  3.3
Throwing       | 2 |  2.1

Action                   |  1- 3 |  4- 6 |  7- 9 || total
-------------------------+-------+-------+-------++-------
Melee: War axe           |   114 |   142 |   346 ||   602
       Unarmed           |       |       |    19 ||    19
Throw: Throwing net      |       |       |     7 ||     7
       Boomerang         |       |       |    21 ||    21
  Use: Scroll            |     1 |     8 |    11 ||    20
       Potion            |       |     4 |     1 ||     5
 Stab: Sleeping          |       |     2 |       ||     2
       Held in net/web   |       |       |     1 ||     1
Armor: Leather armour    |    40 |    26 |       ||    66
       Ring mail         |       |     4 |    80 ||    84
       Skin              |       |       |     8 ||     8
Dodge: Dodged            |    91 |    97 |   169 ||   357
Block: Buckler           |       |    25 |   113 ||   138
       Kite shield       |       |       |    44 ||    44

Table legend: (Time is in decaauts)
 A = Elapsed time spent in this place.
 B = Non-inter-level travel time spent in this place.
 C = Inter-level travel time spent in this place.
 D = Time resting spent in this place.
 E = Time spent auto-exploring this place.
 F = Levels seen in this place.
 G = Mean time per level.
                   A        B        C        D        E       F      G
               +--------+--------+--------+--------+--------+-----+--------+
         Total |   7921 |   7684 |    237 |     58 |   6125 |   9 |  880.1 |
       Dungeon |   7222 |   7007 |    215 |      0 |   5718 |   7 | 1031.7 |
        Temple |     81 |     59 |     22 |      0 |     21 |   1 |   81.0 |
         Sewer |    617 |    617 |      0 |     58 |    386 |   1 |  617.0 |
               +--------+--------+--------+--------+--------+-----+--------+

Top non-repeatable levels by time:
     D:4: 1337 daAuts
     D:2: 1171 daAuts
     D:6: 1140 daAuts
     D:3: 1051 daAuts
     D:7: 986 daAuts
     D:5: 795 daAuts
     D:1: 741 daAuts
   Sewer: 617 daAuts
  Temple: 81 daAuts
